 Dungeon Crawl Stone Soup version 0.20-a0-1109-ge3cd172 (webtiles) character file.

1132 Monsterracer the Geomancer (level 8, -3/44 HPs)
             Began as a Gargoyle Earth Elementalist on May 5, 2017.
             Was a Follower of Vehumet.
             Killed from afar by Monsterracer's ghost (16 damage)
             ... with a stone arrow
             ... on level 6 of the Dungeon.
             The game lasted 00:15:18 (7638 turns).

Monsterracer the Geomancer (GrEE)                   Turns: 7638, Time: 00:15:19

Health: -3/44      AC:  9    Str: 13    XL:     8   Next: 36%
Magic:  3/15       EV: 12    Int: 17    God:    Vehumet [*.....]
Gold:   349        SH:  0    Dex: 13    Spells: 4/16 levels left

rFire    . . .     SeeInvis .   l - +2 short sword (elec)
rCold    . . .     Gourm    .   (no shield)
rNeg     + . .     Faith    .   c - +0 robe
rPois    ∞         Spirit   .   (no helmet)
rElec    +         Reflect  .   (no cloak)
rCorr    .         Harm     .   g - +1 pair of gloves
MR       .....                  (no boots)
Stlth    ++........             (no amulet)
Regen    0.2/turn               n - +3 ring of dexterity
MPRegen  0.2/turn               (no ring)

@: no status effects
A: negative energy resistance 1, screaming 1, electricity resistance, wild magic
1, unbreathing, evolution 1, petrification resistance, rot immunity, AC +5
a: Renounce Religion


You were on level 6 of the Dungeon.
You worshipped Vehumet.
Vehumet was aware of your devotion.
You were very hungry.

You visited 1 branch of the dungeon, and saw 6 of its levels.

You collected 349 gold pieces.

Inventory:

Hand Weapons
 l - a +2 short sword of electrocution (weapon)
Missiles
 b - 217 stones (quivered)
Armour
 c - a +0 robe (worn)
 g - a +1 pair of gloves (worn)
Jewellery
 n - a +3 ring of dexterity (left hand)
Scrolls
 a - 3 scrolls of remove curse
 h - a scroll of immolation
 i - 2 scrolls of identify
 m - a scroll of fog
 r - a scroll of magic mapping
 s - a scroll of enchant weapon
Potions
 k - a potion of magic
 o - a potion of haste
 p - 2 potions of curing
 q - a potion of brilliance
Books
 e - a book of Geomancy

   Spells                             Type                      Level
   a - Sandblast                      Earth                        1
   b - Passwall                       Transmutation/Earth          2
   c - Stone Arrow                    Conjuration/Earth            3
   d - Petrify                        Transmutation/Earth          4
   e - Lee's Rapid Deconstruction     Earth                        5
Comestibles
 d - 3 bread rations
 j - 7 royal jellies


   Skills:
 + Level 2.0 Fighting
 - Level 2.0 Dodging
 - Level 2.1 Stealth
 + Level 4.7 Spellcasting
 + Level 4.3 Conjurations
 - Level 0.7 Transmutations
 * Level 8.8 Earth Magic


You had 4 spell levels left.
You knew the following spells:

 Your Spells              Type           Power        Failure   Level  Hunger
a - Sandblast             Erth           #####.       1%          1    None
b - Passwall              Tmut/Erth      ####......   5%          2    #......
c - Stone Arrow           Conj/Erth      ####..       5%          3    ###....
d - Lee's Rapid Deconstr  Erth           #####.....   16%         5    ######.
e - Flame Tongue          Conj/Fire      ##...        10%         1    None


Dungeon Overview and Level Annotations

Branches:
Dungeon (6/15)             Temple (0/1) D:5

Altars:
Fedhas
Nemelex Xobeh
Vehumet
Zin

Shops:
D:5 [

Annotations:
D:6 Monsterracer's ghost, novice GrEE


Innate Abilities, Weirdness & Mutations

You are resistant to torment.
Your stone body is resilient. (AC +5)
You are immune to poison.
You resist negative energy. (rN+)
You are resistant to electric shocks. (rElec)
You can survive without breathing.
You are immune to petrification.
You are immune to rotting.
You occasionally shout uncontrollably at your foes.
Your spells are a little harder to cast, but a little more powerful.
You evolve.


Message History

Casting: Stone Arrow
Confirm with . or Enter, or press ? or * to list all spells.
Aiming: Stone Arrow
Press: ? - help, Shift-Dir - straight line, f/p - Monsterracer's ghost
Aim: Monsterracer's ghost, wielding a weapon of venom (severely damaged)
The stone arrow misses Monsterracer's ghost.
You are feeling very hungry.
Monsterracer's ghost hits you but does no damage.
You hit Monsterracer's ghost.
Monsterracer's ghost is severely damaged.
Monsterracer's ghost hits you but does no damage.
You hit Monsterracer's ghost.
Monsterracer's ghost is severely damaged.
Monsterracer's ghost gestures at you while chanting.
The blast of sand misses you.
You hit Monsterracer's ghost but do no damage.
Monsterracer's ghost is severely damaged.
Monsterracer's ghost casts a spell at you.
The stone arrow hits you!
You die...

##### #...# ####...#
###### ##......##
#....## ##.######.##
####... #.## ##.#
###..## #.# #@##
######....# #.#
#.W####.........##
#.##
###....#.......<...#
##.#
#...........########
#.# #..>.........# #
##.# #..####.......#
#######..# #..
##..###.##
........## #. #..#
##.## ##.....## #
##.## ##.#


You could see Monsterracer's ghost.

Vanquished Creatures
  Sigmund (D:4)
  3 ice beasts
  A sky beast (D:5)
  A water moccasin skeleton (D:6)
  A howler monkey (D:4)
  A crimson imp (D:5)
  3 hounds
  2 orc wizards
  A bullfrog skeleton (D:5)
  2 iguanas
  3 worker ants
  A howler monkey zombie (D:5)
  3 gnolls
  4 adders
  2 oozes
  2 adder skeletons (D:4)
  A worm (D:2)
  3 dart slugs
  3 leopard geckos
  9 orcs
  2 ball pythons
  4 bats
  4 giant cockroaches
  6 goblins
  10 hobgoblins
  12 jackals
  9 kobolds
  A quokka (D:6)
  3 frilled lizards
  5 rats
103 creatures vanquished.

Vanquished Creatures (others)
  An adder (D:6)
  A frilled lizard (D:6)
2 creatures vanquished.

Grand Total: 105 creatures vanquished

Notes
Turn   | Place    | Note
-------+----------+-------------------------------------------
     0 | D:1      | Monsterracer the Gargoyle Earth Elementalist began the quest for the Orb.
     0 | D:1      | Reached XP level 1. HP: 10/10 MP: 3/3
   117 | D:1      | Reached skill level 4 in Earth Magic
   178 | D:1      | Reached XP level 2. HP: 10/15 MP: 3/5
   279 | D:1      | Learned a level 2 spell: Passwall
   991 | D:2      | Reached XP level 3. HP: 8/19 MP: 4/6
   996 | D:2      | Learned a level 3 spell: Stone Arrow
  2035 | D:2      | Reached XP level 4. HP: 24/24 MP: 4/8
  2103 | D:2      | Found a radiant altar of Vehumet.
  2106 | D:2      | Found a sparkling altar of Nemelex Xobeh.
  2109 | D:2      | Found a glowing silver altar of Zin.
  2109 | D:2      | Found a blossoming altar of Fedhas.
  2111 | D:2      | Became a worshipper of Vehumet
  2115 | D:2      | Reached skill level 5 in Earth Magic
  2299 | D:3      | Learned a level 2 spell: Passwall
  2638 | D:2      | Reached skill level 1 in Conjurations
  2989 | D:3      | Reached XP level 5. HP: 27/28 MP: 4/9
  3538 | D:3      | Noticed an ice beast
  3863 | D:2      | Killed an ice beast
  3863 | D:2      | Reached skill level 6 in Earth Magic
  3863 | D:2      | Reached XP level 6. HP: 25/32 MP: 0/11
  3870 | D:2      | Learned a level 5 spell: Lee's Rapid Deconstruction
  4587 | D:4      | Noticed Sigmund
  4802 | D:4      | Killed Sigmund
  4802 | D:4      | Reached skill level 7 in Earth Magic
  4802 | D:4      | Reached XP level 7. HP: 36/36 MP: 5/12
  5137 | D:4      | Reached * piety under Vehumet
  5137 | D:4      | Offered knowledge of Flame Tongue by Vehumet.
  5147 | D:4      | Learned a level 1 spell: Flame Tongue
  5712 | D:5      | Entered Level 5 of the Dungeon
  6051 | D:5      | Found a staircase to the Ecumenical Temple.
  6067 | D:5      | Reached skill level 8 in Earth Magic
  6338 | D:5      | Reached skill level 1 in Fighting
  6338 | D:5      | Reached XP level 8. HP: 43/43 MP: 2/14
  6520 | D:5      | Gained mutation: Your spells are a little harder to cast, but a little more powerful. [potion of mutation]
  6520 | D:5      | Gained mutation: You occasionally shout uncontrollably at your foes. [potion of mutation]
  6520 | D:5      | Gained mutation: You evolve. [potion of mutation]
  6617 | D:5      | Found Ekkiets's Antique Armour Shop.
  6872 | D:6      | Noticed Monsterracer's ghost (novice GrEE)
  7638 | D:6      | Killed from afar by Monsterracer's ghost

Vault maps used:
D:1:      lightli_arrival_windingriver
D:2:      grunt_temple_overflow_open
D:3:      first_bread
D:4:      uniq_sigmund
D:5:      nicolae_overflow_hidden_temple, temple_statues, serial_shops,
          shop_fountains
D:6:      minmay_lizard_king

Skill      XL: |  1  2  3  4  5  6  7  8 |
---------------+-------------------------+-----
Earth Magic    | 4 5 6 7 8 |  8.8
Spellcasting   | 3 4 |  4.7
Conjurations   | 1 2 3 4 |  4.3
Fighting       | 1 2 |  2.0
Dodging        | 2 |  2.0
Stealth        | |  2.1
Transmutations | |  0.7

Action                   |  1- 3 |  4- 6 |  7- 9 || total
-------------------------+-------+-------+-------++-------
Melee: Unarmed           |    19 |       |       ||    19
       Dagger            |   146 |    81 |     3 ||   230
       Short sword       |       |       |    34 ||    34
 Cast: Sandblast         |    25 |    41 |    13 ||    79
       Stone Arrow       |     2 |    25 |    33 ||    60
       Lee's Rapid Decon |       |       |     7 ||     7
  Use: Potion            |     5 |     3 |     3 ||    11
       Scroll            |       |     6 |     6 ||    12
 Stab: Sleeping          |     3 |     1 |       ||     4
  Eat: Chunk             |     4 |     6 |     8 ||    18
       Meat ration       |       |     1 |       ||     1
       Bread ration      |       |       |     1 ||     1
       Fruit             |       |       |     1 ||     1
Armor: Robe              |    74 |    50 |    21 ||   145
Dodge: Dodged            |   122 |    94 |    31 ||   247
